 Dungeon Crawl Stone Soup version 0.27.0-1-g7a089689b8 (webtiles) character file.

Game seed: 6931890929706778035

102 sasquatch the Cudgeller (level 4, -6/40 HPs)
             Began as a Minotaur Fighter on Aug 5, 2021.
             Was an Initiate of Qazlal.
             Killed by divine providence
             ... invoked by an orc priest
              (11 damage)
             ... on level 3 of the Dungeon.
             The game lasted 00:03:33 (2353 turns).

sasquatch the Cudgeller (Minotaur Fighter)          Turns: 2353, Time: 00:03:33

Health: -6/40      AC:  6    Str: 21    XL:     4   Next: 50%
Magic:  3/3        EV:  7    Int:  5    God:    Qazlal [......]
Gold:   94         SH: 14    Dex: 10    Spells: 3/3 levels left

rFire    . . .     SeeInvis .   a - +0 flail
rCold    . . .     Faith    .   c - +0 kite shield
rNeg     . . .     Spirit   .   b - +0 scale mail
rPois    .         Reflect  +   (helmet restricted)
rElec    .         Harm     .   (no cloak)
rCorr    .         Rampage  .   (no gloves)
Will     .....                  (no boots)
Stlth    ..........             j - amulet of reflection
HPRegen  0.13/turn              f - ring of flight
MPRegen  0.08/turn              (no ring)

@: flying
A: horns 2, retaliatory headbutt
a: Renounce Religion


You were on level 3 of the Dungeon.
You worshipped Qazlal.
Qazlal was noncommittal.
You visited 1 branch of the dungeon, and saw 3 of its levels.

You collected 94 gold pieces.

Inventory:

Hand Weapons
 a - a +0 flail (weapon)
Missiles
 l - 8 poisoned darts (quivered)
Armour
 b - a +0 scale mail (worn)
 c - a +0 kite shield (worn)
Jewellery
 f - a ring of flight (left hand)
 j - an amulet of reflection (around neck)
Scrolls
 e - a scroll of brand weapon {unknown}
 g - 2 scrolls of amnesia {unknown}
 k - 5 scrolls of noise {unknown}
 m - a scroll of magic mapping {unknown}
Potions
 d - a potion of might
 h - 2 potions of degeneration {unknown}
 i - 3 potions of mutation {unknown}


   Skills:
 - Level 4.0 Fighting
 * Level 5.0 Maces & Flails
 - Level 3.6 Armour
 + Level 4.3 Shields


You had 3 spell levels left.
You didn't know any spells.
Your spell library contained the following spells:

 Spells                   Type           Power      Damage    Failure   Level
 Gell's Gravitas          Tloc           0%         N/A       100%        3
 Lesser Beckoning         Tloc           0%         N/A       100%        3
 Teleport Other           Tloc           0%         N/A       100%        3


Dungeon Overview and Level Annotations

Branches:
Dungeon (3/15)

Altars:
Fedhas
Nemelex Xobeh
Qazlal

Shops:
D:1 (   D:2 [


Innate Abilities, Weirdness & Mutations

You have a pair of horns on your head.
You reflexively headbutt those who attack you in melee.


Message History

An orc comes into view. It is wielding a +0 club.
An orc wizard comes into view. It is wielding a +0 dagger.
The orc wizard shouts!
The orc wizard hits you with a +0 dagger.
The orc priest invokes the aid of Beogh against you.
Beogh smites you!
Found a stone staircase leading down.
You sock the orc wizard!
The orc wizard is severely wounded.
You block the orc wizard's attack.
The orc wizard mumbles some strange words.
The orc wizard flickers and vanishes!
Deactivating autopickup; reactivate with Ctrl-A.
You block the orc wizard's attack.
The orc priest invokes the aid of Beogh against you.
Pain shoots through your body!
The orc wizard casts a spell.
The orc wizard flickers and vanishes!
There is an open door here.
A puff of flame appears from out of thin air!
The puff of flame hits you.
You reach down and close the door.
You miss something. Something hits you but does no damage.
You miss something. Something hits you.
* * * LOW HITPOINT WARNING * * *
You miss something. Something hits you but does no damage. Something hits you.
* * * LOW HITPOINT WARNING * * *
A magic dart appears from out of thin air!
The magic dart hits you!
* * * LOW HITPOINT WARNING * * *
You reach down and open the door.
An endoplasm comes into view. x2
The endoplasm quivers.
There is an open door here.
You block the endoplasm's attack.
An orc wizard appears from thin air!
Reactivating autopickup.
The orc priest calls down the wrath of Beogh upon you.
Beogh smites you!
You die...

#...o ######## #.###
#......# #o# #......#
#.# #......# #.###
#......# #####'##.
#......#######......#.
+.......{.o.oo........
#....@.J##......).....
##+####..J.......#+#..
##### ### #..#.#.....#
#.. .....
....####..#.#.....# #..
......
...........#.#..#..#
... ......
...................#
#.# ......
....#####..#.####).#
#.# ......
....#####..#.# ..
.................#..#..


You could see an orc priest, an orc and 2 endoplasms.

Vanquished Creatures
  Terence (D:3)
  3 adders (D:2)
  A worm (D:3)
  2 dart slugs
  6 bats
  4 endoplasms
  2 giant cockroaches (D:3)
  2 goblins
  6 hobgoblins
  3 quokkas
  5 ball pythons
  4 frilled lizards
  3 rats (D:1)
42 creatures vanquished.

Notes
Turn   | Place    | Note
-------+----------+-------------------------------------------
     0 | D:1      | sasquatch the Minotaur Fighter began the quest for the Orb.
     0 | D:1      | Reached XP level 1. HP: 19/19 MP: 0/0
   254 | D:1      | Reached skill level 3 in Maces & Flails
   257 | D:1      | Reached XP level 2. HP: 27/27 MP: 1/1
   862 | D:1      | Found Etuhoth's Weapon Shoppe.
  1196 | D:2      | Found Geopicw's Antique Armour Shoppe.
  1305 | D:2      | Reached XP level 3. HP: 33/33 MP: 2/2
  1312 | D:2      | Reached skill level 4 in Maces & Flails
  1905 | D:3      | Reached XP level 4. HP: 33/40 MP: 3/3
  1959 | D:3      | Noticed Terence
  1969 | D:3      | Killed Terence
  2097 | D:3      | Found a sparkling altar of Nemelex Xobeh.
  2097 | D:3      | Found a stormy altar of Qazlal.
  2103 | D:3      | Became a worshipper of Qazlal Stormbringer
  2123 | D:3      | Found a blossoming altar of Fedhas.
  2250 | D:3      | Reached skill level 5 in Maces & Flails
  2334 | D:3      | HP: 2/40 [something/magic dart (7)]
  2353 | D:3      | Killed from afar by an orc priest

Illustrated notes

Levels and vault maps discovered:
D:1:      lemuel_arrival_cross, layout_basic, serial_shops, shop
D:2:      layout_loops_cross, serial_shops, nicolae_shop_window_shopping
D:3:      layout_basic, overflow_temple_1_default,
          mainiacjoe_overflow_large_starburst, dk_vineyard_1, uniq_terence

Skill      XL: |  1  2  3  4 |
---------------+-------------+-----
Maces & Flails | 3 4 5 |  5.0
Fighting       | 4 |  4.0
Shields        | 4 |  4.3
Armour         | |  3.6

Action                   |  1- 3 |  4- 6 || total
-------------------------+-------+-------++-------
Melee: Flail             |    83 |    27 ||   110
       Headbutt          |     8 |     2 ||    10
Armor: Scale mail        |    34 |     8 ||    42
Dodge: Dodged            |    26 |     4 ||    30
Block: Kite shield       |    31 |    18 ||    49
       Reflection        |     1 |       ||     1
